 Dungeon Crawl Stone Soup version 0.21.1-1-g345015f (webtiles) character file.

11 shakethe the Chopper (level 2, -5/23 HPs)
             Began as a Demonspawn Gladiator on Feb 25, 2018.
             Slain by a gnoll
             ... wielding a +0 spear
              (7 damage)
             ... on level 2 of the Dungeon.
             The game lasted 00:01:08 (908 turns).

shakethe the Chopper (Demonspawn Gladiator)          Turns: 908, Time: 00:01:09

Health: -5/23      AC:  6    Str: 14    XL:     2   Next: 13%
Magic:  2/2        EV: 12    Int:  9    God:
Gold:   67         SH:  0    Dex: 14    Spells: 1/1 levels left

rFire    . . .     SeeInvis .   a - +1 war axe
rCold    . . .     Gourm    .   (no shield)
rNeg     . . .     Faith    .   b - +0 leather armour
rPois    .         Spirit   .   c - +0 helmet
rElec    .         Reflect  .   (no cloak)
rCorr    .         Harm     .   (no gloves)
MR       .....                  (no boots)
Stlth    +.........             m - amulet of inaccuracy (curse)
HPRegen  0.07/turn              (no ring)
MPRegen  0.08/turn              (no ring)

@: lethally poisoned (-5 -> -9)
A: icy blue scales 1
a: no special abilities


You were on level 2 of the Dungeon.
You were not hungry.

You visited 1 branch of the dungeon, and saw 2 of its levels.

You collected 67 gold pieces.

Inventory:

Hand Weapons
 a - a +1 war axe (weapon)
Missiles
 d - 3 throwing nets {=f, !d}
Armour
 b - a +0 leather armour (worn)
 c - a +0 helmet (worn)
 l - a +2 shield
   (You found it on level 1 of the Dungeon)
Jewellery
 e - a cursed ring of loudness {unknown}
   (You found it on level 1 of the Dungeon)
 m - a cursed amulet of inaccuracy (around neck)
   (You found it on level 2 of the Dungeon)
Potions
 h - a potion of curing
Comestibles
 f - a ration


   Skills:
 + Level 2.3 Fighting
 * Level 3.1 Axes
 - Level 1.7 Throwing
 - Level 2.6 Dodging


You had one spell level left.
You didn't know any spells.

Dungeon Overview and Level Annotations

Branches:
Dungeon (2/15)

Altars:


Innate Abilities, Weirdness & Mutations

You are partially covered in icy blue scales. (AC +2)


Message History

Unknown command.
Unknown command.
Unknown command.
Unknown command.
Unknown command.
Unknown command.
Your surroundings suddenly seem different.
(D) Dungeon
Where to? (Enter - D:2, ? - help)
There is a stone staircase leading down here.
You climb downwards.
A kobold comes into view.
There is a stone staircase leading up here.
A kobold is nearby!
The kobold shouts!
The kobold throws a stone.
The stone misses you.
You see here a stone.
The kobold throws a stone.
The stone barely misses you.
You hit the kobold but do no damage. The kobold hits you but does no damage.
The kobold misses you.
You barely miss the kobold. The kobold closely misses you.
You hit the kobold. The kobold hits you but does no damage.
You hit the kobold but do no damage. The kobold hits you.
The kobold closely misses you.
You barely miss the kobold. The kobold closely misses you.
You take 1 damage, and have 21/22 hp.
You slash the kobold!
You kill the kobold!
No target in view!
No target in view!
No target in view!
No target in view!
No target in view!
No target in view!
Found a stone staircase leading up.
No target in view!
No target in view!
No target in view!
No target in view!
No target in view!
No target in view!
No target in view!
A ball python comes into view.
The ball python hisses angrily.
You closely miss the ball python.
The ball python bites you but does no damage.
The ball python grabs you. The ball python constricts you.
Health restored: 23 You slash the ball python!
You kill the ball python!
No target in view!
No target in view!
No target in view!
You see here a ball python corpse.
An adder comes into view.
The adder bites you but does no damage.
Your leather armour prevents you from hitting the adder.
The adder barely misses you. The adder closely misses you.
You barely miss the adder. The adder barely misses you.
You closely miss the adder. The adder closely misses you. The adder bites you.
You are poisoned.
The adder poisons you!
You take 3 damage, and have 20/23 hp.
You miss the adder.
You feel sick. The adder bites you. x2
You take 7 damage, and have 13/23 hp.
MASSIVE DAMAGE!!
You are too injured to fight recklessly!
You are too injured to fight recklessly!
You are too injured to fight recklessly!
You are too injured to fight recklessly!
You are too injured to fight recklessly!
You are too injured to fight recklessly!
You are too injured to fight recklessly!
You are too injured to fight recklessly!
You are too injured to fight recklessly!
You are too injured to fight recklessly!
You are too injured to fight recklessly!
You are too injured to fight recklessly!
You are too injured to fight recklessly!
You are too injured to fight recklessly!
You are too injured to fight recklessly!
You are too injured to fight recklessly!
You are too injured to fight recklessly!
You barely miss the adder.
You feel sick. The adder completely misses you.
The adder bites you but does no damage.
You take 1 damage, and have 12/23 hp.
You miss the adder. The adder bites you.
The adder bites you but does no damage.
You take 4 damage, and have 8/23 hp.
You hit the adder.
You feel sick. The adder misses you.
A gnoll comes into view. It is wielding a spear.
You miss the adder.
The gnoll shouts!
The adder closely misses you. The adder bites you but does no damage.
You miss the adder.
You feel sick. The adder barely misses you. The gnoll closely misses you.
The adder bites you.
* * * LOW HITPOINT WARNING * * *
The gnoll hits you from afar with a spear!
You die...

#.# #.# #.# #.# ..# #
#.# ?. #.# #.###
######.####......
#......g.@S...#
########.####.####...#
.........# #.# ..#
########.# #.# .# #.#
#.. .# #.# ### #
#.####### #†.......
#.#######


You could see a gnoll and an adder.

Vanquished Creatures
  A bat zombie (D:1)
  2 giant cockroaches
  A goblin (D:1)
  A ball python (D:2)
  2 bats (D:1)
  A giant cockroach zombie (D:1)
  A kobold (D:2)
  3 rats
12 creatures vanquished.

Notes
Turn   | Place    | Note
-------+----------+-------------------------------------------
     0 | D:1      | shakethe the Demonspawn Gladiator began the quest for the Orb.
     0 | D:1      | Reached XP level 1. HP: 16/16 MP: 1/1
   253 | D:1      | Reached skill level 3 in Axes
   821 | D:2      | Gained mutation: You are partially covered in icy blue scales. (AC +2) [demonic ancestry]
   821 | D:2      | Reached XP level 2. HP: 22/22 MP: 2/2
   908 | D:2      | HP: 2/23 [adder (5)]
   908 | D:2      | Slain by a gnoll

Skill      XL: |  1 |
---------------+----+-----
Axes           | 3 |  3.1
Fighting       | |  2.3
Throwing       | |  1.7
Dodging        | |  2.6

Action                   || total
-------------------------++-------
Melee: War axe           ||    39
  Use: Scroll            ||     4
 Stab: Sleeping          ||     2
Armor: Leather armour    ||    15
Dodge: Dodged            ||    30

Vault maps used:
D:1:      saegor_arrival_fortress
D:2:      first_ration, uniq_crazy_yiuf_cottage

Table legend:
 A = Turns spent in this place as a percentage of turns spent in the entire game.
 B = Non-inter-level travel turns spent in this place as a percentage of non-inter-level travel turns spent in the entire game.
 C = Inter-level travel turns spent in this place as a percentage of turns spent in this place.
 D = Turns resting spent in this place as a percentage of non-inter-level travel turns spent in this place.
 E = Turns spent auto-exploring this place as a percentage of non-inter-level travel turns spent in this place.
 F = Non-inter-level travel turns spent in this place divided by the number of levels of this place that you've seen.
                   A       B       C       D       E      F
               +-------+-------+-------+-------+-------+----------------------
         Total | 100.0 | 100.0 |   7.8 |  13.5 |  71.7 | 418.5
       Dungeon | 100.0 | 100.0 |   7.8 |  13.5 |  71.7 | 418.5
               +-------+-------+-------+-------+-------+----------------------

Table legend:
 A = Kills in this place as a percentage of kills in entire the game.
 B = Kills by you in this place as a percentage of kills by you in the entire game.
 C = Kills by friends in this place as a percentage of kills by friends in the entire game.
 D = Other kills in this place as a percentage of other kills in the entire game.
 E = Experience gained in this place as a percentage of experience gained in the entire game.
 F = Experience gained in this place divided by the number of levels of this place that you have seen.
                   A       B       C       D       E      F
               +-------+-------+-------+-------+-------+----------------------
         Total | 100.0 | 100.0 |   N/A |   N/A | 100.0 |   8.0
       Dungeon | 100.0 | 100.0 |   N/A |   N/A | 100.0 |   8.0
               +-------+-------+-------+-------+-------+----------------------
